 Dungeon Crawl Stone Soup version 0.25.1-1-g288607f5aa (webtiles) character file.

Game seed: 4508845874511499108

218463 Delamore the Warrior (level 19, -1/133 HPs)
             Began as a Gargoyle Fighter on July 19, 2020.
             Was the Champion of Okawaru.
             Slain by a jumping spider (15 damage)
             ... on level 4 of the Spider Nest.
             The game lasted 01:01:47 (39797 turns).

Delamore the Warrior (Gargoyle Fighter)            Turns: 39797, Time: 01:01:48

Health: -1/133     AC: 39    Str: 33      XL:     19   Next: 11%
Magic:  1/27       EV:  4    Int: 14      God:    Okawaru [******]
Gold:   6286       SH:  0    Dex: 20 (22) Spells: 28/28 levels left

rFire    + . .     SeeInvis .   x - +4 eveningstar (flame)
rCold    + + .     Gourm    .   Y - +2 kite shield {rN+}
rNeg     + + .     Faith    .   q - +0 plate armour of Picolim {rPois Regen+ rCorr Dex+4}
rPois    ∞         Spirit   .   T - +0 hat of Darkness {*Contam rF+ Str+4 Slay+2}
rElec    +         Reflect  +   W - +1 cloak {rC+}
rCorr    +         Harm     .   n - +0 pair of fencer's gloves {Riposte Dex+3}
MR       +++..                  J - +2 pair of boots of Qebe {Str+3 Dex+6}
Stlth    ..........             H - amulet of reflection
HPRegen  0.72/turn              b - ring of the Mage {Wiz MR++ Int+3}
MPRegen  0.20/turn              y - ring of protection from cold

@: flying, held
A: big wings, negative energy resistance 1, electricity resistance, unbreathing,
petrification resistance, rot immunity, AC +14
}: 1/15 runes: decaying
a: Stop Flying, Heroism, Finesse, Renounce Religion


You were on level 4 of the Spider Nest.
You worshipped Okawaru.
Okawaru was exalted by your worship.
You were not hungry.

You visited 6 branches of the dungeon, and saw 33 of its levels.
You also visited: Trove, Ice Cave and Volcano.

You collected 6546 gold pieces.
You spent 260 gold pieces at shops.

Inventory:

Hand Weapons
 x - a +4 eveningstar of flaming (weapon)
Missiles
 v - 2 throwing nets
 R - 31 javelins (quivered)
Armour
 n - the +0 pair of fencer's gloves (worn) {Riposte Dex+3}
   (Okawaru gifted it to you on level 2 of the Lair of Beasts)

   It affects your dexterity (+3).
 q - the +0 plate armour of Picolim (worn) {rPois Regen+ rCorr Dex+4}
   (You found it on level 13 of the Dungeon)

   It affects your dexterity (+4).
   It protects you from poison.
   It increases your rate of regeneration.
   It provides partial protection from all sources of acid and corrosion.
 J - the +2 pair of boots of Qebe (worn) {Str+3 Dex+6}
   (You found it on level 1 of the Lair of Beasts)

   It affects your strength (+3).
   It affects your dexterity (+6).
 T - the +0 hat of Darkness (worn) {*Contam rF+ Str+4 Slay+2}
   (Okawaru gifted it to you on level 8 of the Dungeon)

   It affects your strength (+4).
   It affects your accuracy and damage with ranged weapons and melee attacks
   (+2).
   It protects you from fire.
   It causes magical contamination when unequipped.
 W - a +1 cloak of cold resistance (worn)
 Y - a +2 kite shield of positive energy (worn)
Jewellery
 b - the ring of the Mage (left hand) {Wiz MR++ Int+3}
   (You found it on level 5 of the Dungeon)

   [ring of wizardry]

   It improves your spell success rate.
   It affects your intelligence (+3).
   It affects your resistance to hostile enchantments.
 g - a +4 ring of protection {unknown}
 i - a cursed ring of teleportation {unknown}
 y - a ring of protection from cold (right hand)
 H - an amulet of reflection (around neck)
Wands
 k - a wand of random effects (13)
 u - a wand of digging (13)
 w - a wand of polymorph (9)
 A - a wand of flame (114)
 B - a wand of disintegration (16)
 F - a wand of clouds (12)
 K - a wand of acid (24)
 S - a wand of iceblast (21)
Scrolls
 e - 5 scrolls of teleportation
 h - a scroll of silence
 m - a scroll of enchant weapon
 o - a scroll of summoning
 t - a scroll of holy word
 C - 6 scrolls of magic mapping
 E - 2 scrolls of identify
 M - 3 scrolls of immolation
 N - 2 scrolls of fog
 O - 7 scrolls of remove curse
 Q - 10 scrolls of enchant armour
 X - 2 scrolls of brand weapon
Potions
 d - 5 potions of might
 j - 7 potions of cancellation
 l - 4 potions of berserk rage
 p - 3 potions of heal wounds
 r - 15 potions of curing
 s - 4 potions of haste
 D - 7 potions of mutation
 G - a potion of resistance
Comestibles
 c - 4 chunks of flesh
 f - 68 rations


   Skills:
 + Level 19.5 Fighting
 - Level 16.0 Maces & Flails
 - Level 14.9 Armour
 - Level 15.0 Shields
 + Level 5.3 Spellcasting
 - Level 11.5 Invocations
 - Level 9.9 Evocations


You had 28 spell levels left.
You didn't know any spells.
Your spell library contained the following spells:

 Spells                   Type           Power        Failure   Level  Hunger
 Beastly Appendage        Tmut           #.....       32%         1    None
 Corona                   Hex            #......      32%         1    None
 Freeze                   Ice            #...         32%         1    None
 Infusion                 Chrm           #...         32%         1    None
 Magic Dart               Conj           #...         32%         1    None
 Ensorcelled Hibernation  Hex/Ice        #.....       43%         2    ##.....
 Poisonous Vapours        Pois/Air       #.....       43%         2    ##.....
 Searing Ray              Conj           #.....       43%         2    ##.....
 Shroud of Golubria       Chrm/Tloc      #.....       43%         2    ##.....
 Song of Slaying          Chrm           #.......     43%         2    ##.....
 Sticks to Snakes         Tmut           #.......     43%         2    ##.....
 Confusing Touch          Hex            #.......     65%         3    ###....
 Conjure Flame            Conj/Fire      #.......     65%         3    ###....
 Dazzling Flash           Conj/Hex       #.....       65%         3    ###....
 Frozen Ramparts          Ice            #.....       65%         3    ###....
 Gell's Gravitas          Tloc           #.........   65%         3    ###....
 Mephitic Cloud           Conj/Pois/Air  #.......     65%         3    ###....
 Ozocubu's Armour         Chrm/Ice       #.......     65%         3    ###....
 Spectral Weapon          Hex/Chrm       #.......     65%         3    ###....
 Spider Form              Tmut/Pois      #.........   65%         3    ###....
 Tukima's Dance           Hex            #.......     65%         3    ###....
 Fulminant Prism          Conj/Hex       #.........   95%         4    ####...
 Hailstorm                Conj/Ice       #.......     95%         4    ####...
 Ice Form                 Ice/Tmut       #.......     95%         4    ####...
 Iskenderun's Mystic Bla  Conj/Tloc      #.......     95%         4    ####...
 Petrify                  Tmut/Erth      #.......     95%         4    ####...
 Summon Ice Beast         Ice/Summ       #.......     95%         4    ####...
 Blade Hands              Tmut           #.........   100%        5    ######.
 Metabolic Englaciation   Hex/Ice        #.........   100%        5    ######.
 Yara's Violent Unravell  Hex/Tmut       #.........   100%        5    ######.
 Freezing Cloud           Conj/Ice/Air   #.........   100%        6    #######
 Haunt                    Necr/Summ      #.........   100%        7    #######
 Ring of Flames           Chrm/Fire      #.........   100%        7    #######
 Borgnjor's Revivificati  Necr           #.........   100%        8    #######
 Death's Door             Chrm/Necr      #.........   100%        8    #######
 Infestation              Necr           #.........   100%        8    #######
 Necromutation            Tmut/Necr      #.........   100%        8    #######


Dungeon Overview and Level Annotations

Branches:
Dungeon (15/15)            Temple (0/1) D:6            Lair (6/6) D:11
  Swamp (4/4) Lair:4       Spider (4/4) Lair:3        Slime (0/5) Lair:6
    Orc (2/2) D:12            Elf (0/3) Orc:2        Vaults (0/5) D:14
 Depths (2/5) D:15          IceCv (visited)         Volcano (visited)

Altars:
Cheibriados
Gozag
Kikubaaqudgha
Okawaru
Ru
Sif Muna
Vehumet
Zin
The Shining One
Beogh
Jiyva

Shops:
D:10 *   D:14 [   Orc:2 !!((

Portals:
Hell: Depths:1 Depths:2

Annotations:
Lair:6 1 runed translucent door


Innate Abilities, Weirdness & Mutations

You are resistant to torment.
Your stone body is resilient. (AC +14)
You are immune to poison.
Your large and strong wings let you fly indefinitely.
You resist negative energy. (rN+)
You are resistant to electric shocks. (rElec)
You can survive without breathing.
You are immune to petrification.
You are immune to rotting.


Message History

As you read the scroll of fear, it crumbles to dust.
You assume a fearsome visage.
The wolf spider looks frightened!
The tarantella looks frightened!
The wolf spider looks frightened!
The hornet looks frightened!
The tarantella looks frightened!
The demonic crawler is unaffected.
The emperor scorpion easily resists.
The jumping spider looks frightened!
The wolf spider hits you!
* * * LOW HITPOINT WARNING * * *
The wolf spider bites you but does no damage.
The jumping spider pounces on you.
* * * LOW HITPOINT WARNING * * *
You are even more entangled.
The jumping spider barely misses you.
The wolf spider hits you but does no damage.
The wolf spider bites you but does no damage.
The emperor scorpion stings you but does no damage.
The emperor scorpion claws you but does no damage.
The emperor scorpion barely misses you.
The jumping spider leaps!
Something hits you but does no damage. x2
Something stings you but does no damage.
The jumping spider pounces on you!
You die...

≈≈≈ ^# .≈≈≈s≈.^ #≈≈ ≈..
....^#s# #≈≈
.......^≈≈s# ##≈≈
....#..°≈≈≈## #≈≈≈
#...^...≈≈≈≈## ###≈≈≈
#....○#.≈y≈≈≈######≈≈≈≈≈
#.#..s.s.≈≈≈≈≈≈≈≈≈≈≈≈≈≈≈
#$^...s@..≈≈≈≈≈≈≈≈≈≈≈≈≈≈
≈≈s#....s..≈≈≈≈≈≈≈≈≈†≈≈^
#.^.^......#.........^.
##.#.^.††........#...≈.
#≈≈....#^†.......#..##
###^.≈^##..^.........≈
#≈#≈≈#≈..≈#.#^#....#
########.........#..
##.#.#...#.#.


You could see an emperor scorpion (berserk), a demonic crawler, 2 wolf spiders,
a hornet (fleeing), 2 jumping spiders and 2 tarantellas.

Vanquished Creatures
  Nikola (Spider:2)
  Jorgrun (D:13)
  An Ice Fiend (IceCv)
  Gastronok (Lair:2)
  Kirke (Lair:4)
  Roxanne (Spider:2)
  4 thorn hunters
  A frost giant (Depths:2)
  Louise (D:14)
  3 emperor scorpions
  A balrug (Depths:1)
  2 stone giants
  2 entropy weavers (Spider:3)
  A dire elephant (D:15)
  2 spark wasps (Depths:1)
  Snorg (D:13)
  An ettin (Depths:1)
  A merfolk javelineer (Depths:2)
  3 fire dragons
  5 ogre magi
  2 yaktaur captains
  2 great orbs of eyes
  A merfolk impaler (Depths:1)
  The ghost of UnDebs the Bludgeoner, a journeyman MiBe of Trog (Lair:2)
  An ice dragon (Depths:1)
  2 catoblepae (Lair:6)
  2 ghost crabs
  Harold (D:8)
  4 shambling mangroves
  23 hydras
  2 rakshasas (Depths:1)
  14 alligators
  2 death knights
  Erica (D:7)
  4 centaur warriors
  19 two-headed ogres
  8 death yaks
  A queen ant (Spider:3)
  2 tengu warriors
  A glowing orange brain (Depths:1)
  A skeletal warrior (D:13)
  3 deep trolls
  3 unseen horrors (D:13)
  8 swamp dragons
  A lindwurm (Lair:6)
  Pikel (D:7)
  2 phantasmal warriors (D:13)
  2 orc knights
  A wolf spider zombie (D:13)
  18 orb spiders
  27 wolf spiders
  3 deep elf magi
  7 ugly things
  8 manticores
  4 cyclopes
  A moth of wrath (Spider:4)
  5 elephants
  A moth of wrath (shapeshifter) (D:14)
  Joseph (D:8)
  An ice statue (IceCv)
  2 torpor snails
  A centaur zombie (D:15)
  A water nymph (shapeshifter) (D:14)
  6 black mambas
  10 spiny frogs
  3 kobold demonologists
  A yaktaur (shapeshifter) (D:15)
  3 yaktaurs
  12 komodo dragons
  3 anaconda simulacra (IceCv)
  4 rime drakes
  8 demonic crawlers
  3 tengu conjurers
  5 ice devils (IceCv)
  8 freezing wraiths
  A hellwing (Depths:1)
  A red devil (Depths:1)
  3 polar bears
  A queen bee (D:14)
  15 trolls
  11 tyrant leeches
  A golden dragon simulacrum (IceCv)
  13 jumping spiders
  11 hornets
  Prince Ribbit (D:5)
  A polar bear (shapeshifter) (Depths:1)
  8 hippogriffs
  2 dream sheep (Lair:6)
  11 bog bodies
  11 slime creatures
  5 blink frogs
  Sigmund (D:3)
  4 wraiths
  5 shadows
  2 wyverns
  2 dire elephant simulacra (IceCv)
  7 water elementals
  21 yaks
  3 spriggans
  37 redbacks
  14 tarantellas
  5 basilisks
  4 hogs
  A human (shapeshifter) (D:15)
  A steam dragon (Lair:6)
  A yak (shapeshifter) (D:13)
  A hungry ghost (D:13)
  25 vampire mosquitoes
  A human (D:7)
  2 wargs
  Menkaure (D:5)
  24 insubstantial wisps
  5 acid dragons
  Edmund (D:5)
  19 swamp worms
  3 harpy simulacra (IceCv)
  3 iron troll simulacra (IceCv)
  13 soldier ants (Spider:3)
  13 water moccasins
  7 hydra simulacra (IceCv)
  12 porcupines
  5 sky beasts
  2 black bears
  27 orc warriors
  18 swamp drakes
  A slave (D:7)
  26 ogres
  3 ice beasts
  A necrophage (D:9)
  3 eyes of draining (D:13)
  A phantom (D:10)
  A black bear (shapeshifter) (D:14)
  31 wolves
  4 boggarts (Depths:1)
  14 crocodiles
  12 centaurs
  A big kobold (D:11)
  14 bullfrogs
  A wyvern zombie (D:11)
  A gnoll sergeant (D:8)
  A water moccasin zombie (D:10)
  3 wyvern skeletons
  9 scorpions
  30 killer bees
  14 wights
  A howler monkey (D:6)
  2 bullfrog zombies
  9 crimson imps
  4 draconian simulacra (IceCv)
  7 hounds
  2 jellies
  3 bullfrog skeletons
  17 orc priests
  5 centaur skeletons
  A gnoll shaman (D:6)
  Jessica (D:3)
  6 iguanas
  32 worker ants
  30 orc wizards
  4 troll simulacra (IceCv)
  2 spriggan simulacra (IceCv)
  A wolf simulacrum (IceCv)
  A hound zombie (D:9)
  A hound skeleton (D:10)
  A worker ant zombie (D:7)
  18 gnolls
  A howler monkey skeleton (D:10)
  17 adders
  3 ogre simulacra (IceCv)
  3 shadow imps
  6 white imps (IceCv)
  7 ufetubi (IceCv)
  5 oozes
  2 adder zombies
  3 adder skeletons
  9 worms
  4 dart slugs
  9 leopard geckos
  127 orcs
  5 giant cockroaches
  7 goblins
  4 hobgoblins
  23 jackals
  8 quokkas
  6 bats
  8 frilled lizards
  17 kobolds
  A leopard gecko skeleton (D:8)
  10 rats
  2 briar patches (Swamp:2)
1287 creatures vanquished.

Vanquished Creatures (others)
  A spriggan berserker (Swamp:4)
  A wolf spider (Spider:3)
  3 jumping spiders
  A tyrant leech (Swamp:4)
  A tarantella (Spider:2)
  A human (Lair:4)
  A boggart (Depths:1)
  A wight (D:12)
  An orc (D:13)
  A briar patch (Swamp:2)
  4 fungi
  6 plants (Lair:6)
22 creatures vanquished.

Grand Total: 1309 creatures vanquished

Notes
Turn   | Place    | Note
-------+----------+-------------------------------------------
     0 | D:1      | Delamore the Gargoyle Fighter began the quest for the Orb.
     0 | D:1      | Reached XP level 1. HP: 14/14 MP: 1/1
   173 | D:1      | Reached XP level 2. HP: 10/19 MP: 2/2
   539 | D:1      | Reached XP level 3. HP: 23/23 MP: 3/3
  1101 | D:2      | Reached XP level 4. HP: 23/28 MP: 4/4
  2190 | D:3      | Reached skill level 5 in Maces & Flails
  2190 | D:3      | Reached XP level 5. HP: 24/32 MP: 5/5
  2281 | D:3      | Found an iron altar of Okawaru.
  2340 | D:3      | Became a worshipper of Warmaster Okawaru
  2352 | D:3      | Noticed Jessica
  2356 | D:3      | Killed Jessica
  2413 | D:3      | Noticed Sigmund
  2605 | D:3      | Killed Sigmund
  2605 | D:3      | Reached XP level 6. HP: 27/37 MP: 6/6
  3843 | D:4      | Reached XP level 7. HP: 28/41 MP: 7/7
  3976 | D:4      | Found a sacrificial altar of Ru.
  4483 | D:5      | Entered Level 5 of the Dungeon
  4483 | D:5      | Noticed Menkaure
  4499 | D:4      | Reached * piety under Okawaru
  4710 | D:5      | Killed Menkaure
  5084 | D:5      | Found a radiant altar of Vehumet.
  5102 | D:5      | Found a snail-covered altar of Cheibriados.
  5294 | D:5      | Reached XP level 8. HP: 35/46 MP: 8/8
  5385 | D:5      | Noticed Prince Ribbit
  5416 | D:5      | Killed Prince Ribbit
  5416 | D:5      | Reached ** piety under Okawaru
  5700 | D:5      | Noticed Edmund
  5720 | D:5      | Killed Edmund
  5720 | D:5      | Reached skill level 10 in Maces & Flails
  6238 | D:5      | Found the ring of the Mage {Wiz MR++ Int+3}
  6254 | D:5      | You fall into a shaft and drop 3 floors!
  6550 | D:6      | Reached XP level 9. HP: 42/51 MP: 9/9
  6626 | D:6      | Reached *** piety under Okawaru
  7040 | D:5      | Found a shimmering blue altar of Sif Muna.
  7360 | D:6      | Found a staircase to the Ecumenical Temple.
  7660 | D:6      | Reached skill level 5 in Shields
  7933 | D:7      | Got a spiked tower shield
  7944 | D:7      | Identified the cursed +0 tower shield of Perfidy {+Inv
                  | rElec Str-5} (You found it on level 7 of the Dungeon)
  8012 | D:7      | Found an opulent altar of Gozag.
  8015 | D:7      | Found a glowing silver altar of Zin.
  8015 | D:7      | Found a glowing golden altar of the Shining One.
  8147 | D:7      | Noticed Pikel
  8168 | D:7      | Killed Pikel
  8168 | D:7      | Reached **** piety under Okawaru
  8280 | D:7      | Reached XP level 10. HP: 51/56 MP: 10/10
  8309 | D:7      | Reached ***** piety under Okawaru
  8543 | D:8      | Noticed Erica
  8709 | D:7      | Killed Erica
  8709 | D:7      | Reached skill level 10 in Shields
  8874 | D:8      | Noticed Harold
  8875 | D:8      | Noticed Joseph
  8897 | D:8      | Killed Harold
  8897 | D:8      | Received a gift from Okawaru
  9020 | D:8      | Killed Joseph
  9407 | D:8      | Noticed a two-headed ogre
  9417 | D:8      | Killed a two-headed ogre
  9417 | D:8      | Received a gift from Okawaru
  9417 | D:8      | Reached XP level 11. HP: 25/60 MP: 11/11
  9418 | D:8      | Got a spiked hat {god gift}
  9430 | D:8      | Identified the +0 hat of Darkness {*Contam rF+ Str+4
                  | Slay+2} (Okawaru gifted it to you on level 8 of the
                  | Dungeon)
 11031 | D:10     | Entered Level 10 of the Dungeon
 11874 | D:10     | Found Coddecef's General Store.
 11981 | D:10     | Noticed a four-headed hydra
 11991 | D:10     | Killed a four-headed hydra
 12360 | D:11     | Found a staircase to the Lair.
 12469 | D:11     | Noticed a brown ugly thing
 12481 | D:11     | Killed a brown ugly thing
 12552 | D:11     | Found a portal to a secret trove of treasure.
 13091 | D:12     | Noticed a brown ugly thing
 13258 | Lair:1   | Entered Level 1 of the Lair of Beasts
 13280 | D:11     | Received a gift from Okawaru
 13775 | Lair:1   | Reached XP level 12. HP: 64/64 MP: 12/12
 13785 | Lair:1   | Noticed a spriggan rider
 14501 | Lair:1   | Got a pair of translucent boots
 14512 | Lair:1   | Identified the +2 pair of boots of Qebe {Str+3 Dex+6} (You
                  | found it on level 1 of the Lair of Beasts)
 14723 | Lair:1   | Noticed a four-headed hydra
 14740 | Lair:1   | Killed a four-headed hydra
 14740 | Lair:1   | Reached skill level 15 in Shields
 15391 | Lair:2   | Noticed Gastronok
 15431 | Lair:2   | Killed Gastronok
 15431 | Lair:2   | Reached skill level 4 in Fighting
 15541 | Lair:2   | Noticed UnDebs's ghost (journeyman MiBe)
 15544 | Lair:2   | Found a transporter.
 15550 | Lair:2   | Noticed a six-headed hydra
 15566 | Lair:2   | Found a transporter.
 15620 | Lair:2   | Reached ****** piety under Okawaru
 15624 | Lair:2   | Reached skill level 5 in Fighting
 15624 | Lair:2   | Reached skill level 5 in Armour
 15817 | Lair:2   | Received a gift from Okawaru
 15818 | Lair:2   | Found the +0 pair of fencer's gloves {Riposte Dex+3}
 16079 | Lair:2   | Reached skill level 6 in Fighting
 16587 | Lair:3   | Found a hole to the Spider Nest.
 16604 | Lair:3   | Reached XP level 13. HP: 76/76 MP: 13/13
 16747 | Lair:3   | Reached skill level 7 in Fighting
 17353 | Lair:4   | Found a radiant altar of Vehumet.
 17389 | Lair:4   | Reached skill level 8 in Fighting
 17513 | Lair:4   | Noticed Kirke
 17530 | Lair:4   | Killed Kirke
 17630 | Lair:4   | Found a staircase to the Swamp.
 18202 | Lair:5   | Reached skill level 9 in Fighting
 18221 | Lair:5   | Found a dark tunnel.
 18246 | Volcano  | Entered a volcano
 18532 | Lair:5   | Received a gift from Okawaru
 18997 | Lair:6   | Entered Level 6 of the Lair of Beasts
 19298 | Lair:5   | Reached skill level 10 in Fighting
 19298 | Lair:5   | Reached skill level 10 in Armour
 19578 | Lair:6   | Received a gift from Okawaru
 19759 | Lair:6   | Found a runed translucent door.
 20430 | Lair:6   | Gained mutation: Your large and strong wings let you fly
                  | indefinitely. [Gargoyle growth]
 20430 | Lair:6   | Reached XP level 14. HP: 75/88 MP: 14/14
 20549 | Lair:6   | Found a viscous altar of Jiyva.
 20550 | Lair:6   | Found a staircase to the Slime Pits.
 21064 | Lair:6   | Reached skill level 11 in Fighting
 21969 | Lair:6   | Received a gift from Okawaru
 22507 | Lair:6   | Reached skill level 12 in Fighting
 22887 | Lair:2   | Killed UnDebs's ghost
 23605 | D:12     | Found a staircase to the Orcish Mines.
 23935 | D:13     | Noticed Jorgrun
 24043 | D:13     | Got a dazzling plate armour
 24255 | D:13     | Identified the cursed +0 plate armour of Picolim {rPois
                  | Regen+ rCorr Dex+4} (You found it on level 13 of the
                  | Dungeon)
 24355 | D:13     | Noticed Snorg
 24373 | D:13     | Killed Snorg
 24373 | D:13     | Reached skill level 13 in Fighting
 24499 | D:13     | Reached XP level 15. HP: 85/99 MP: 15/15
 24999 | Orc:1    | Entered Level 1 of the Orcish Mines
 25161 | Orc:1    | Received a gift from Okawaru
 25569 | Orc:2    | Entered Level 2 of the Orcish Mines
 25715 | Orc:2    | Received a gift from Okawaru
 25715 | Orc:2    | Reached skill level 14 in Fighting
 25780 | Orc:2    | Received a gift from Okawaru
 25810 | Orc:2    | Got a translucent spear {god gift}
 25814 | Orc:2    | Identified the +8 spear "Siur" {vorpal, rElec MR+ Int-2
                  | Dex+5} (Okawaru gifted it to you on level 2 of the Orcish
                  | Mines)
 25823 | Orc:2    | Found Daegh's Distillery.
 25834 | Orc:2    | Found Riosowan's Antique Weapon Shoppe.
 25963 | Orc:2    | Found Eclagh's Distillery.
 25964 | Orc:2    | Found Deigiupo's Weapon Boutique.
 25977 | Orc:2    | Bought a potion of heal wounds for 65 gold pieces
 25977 | Orc:2    | Bought a potion of brilliance for 52 gold pieces
 25977 | Orc:2    | Bought a potion of lignification for 39 gold pieces
 26348 | Orc:2    | Found a staircase to the Elven Halls.
 26747 | Orc:2    | Bought a potion of mutation for 104 gold pieces
 27054 | D:13     | Killed Jorgrun
 27193 | D:13     | Found a roughly hewn altar of Beogh.
 27791 | D:13     | Reached skill level 1 in Invocations
 27998 | D:14     | Reached skill level 1 in Evocations
 28068 | D:14     | Found Xylagro's Armour Shop.
 28288 | D:14     | Found a gate to the Vaults.
 28335 | D:14     | Identified 2 scrolls of acquirement
 28335 | D:14     | Acquired 2630 gold pieces
 28340 | D:14     | Acquired a manual of Fighting
 28405 | D:14     | Noticed Louise
 28426 | D:14     | Killed Louise
 28426 | D:14     | Reached XP level 16. HP: 106/107 MP: 18/18
 28751 | D:14     | Received a gift from Okawaru
 28769 | D:14     | Got a smoking flail {god gift}
 28771 | D:14     | Identified the +3 flail of Indomitability {drain, rPois rC+
                  | Dex+10} (Okawaru gifted it to you on level 14 of the
                  | Dungeon)
 29112 | D:15     | Entered Level 15 of the Dungeon
 29280 | D:15     | Reached skill level 15 in Maces & Flails
 29306 | D:14     | Received a gift from Okawaru
 29893 | D:15     | Found a staircase to the Depths.
 30166 | D:15     | Received a gift from Okawaru
 30437 | Depths:1 | Entered Level 1 of the Depths
 30777 | Depths:1 | Found an ancient bone altar of Kikubaaqudgha.
 30892 | Depths:1 | Found a gateway to Hell.
 30911 | Depths:1 | Reached skill level 5 in Invocations
 31267 | Depths:1 | Got a transparent silver ring
 31269 | Depths:1 | Identified the ring "Ucvotz" {rPois EV+4 Dex+6} (You found
                  | it on level 1 of the Depths)
 31523 | Depths:2 | Reached skill level 5 in Evocations
 31652 | Depths:2 | Received a gift from Okawaru
 31652 | Depths:2 | Reached XP level 17. HP: 82/112 MP: 20/22
 31653 | Depths:2 | Found the +3 robe of Folly {Archmagi, MR-- Int+5}
 32139 | Swamp:1  | Entered Level 1 of the Swamp
 32154 | Swamp:1  | Found a frozen archway.
 32195 | IceCv    | Entered an ice cave
 32825 | IceCv    | Noticed an Ice Fiend
 32851 | IceCv    | Killed an Ice Fiend
 32972 | IceCv    | Got a clouded pewter ring
 33019 | IceCv    | Identified the ring "Jiamuc" {Ice MR+} (You found it in an
                  | ice cave)
 34447 | Swamp:2  | Received a gift from Okawaru
 34501 | Swamp:2  | Found the amulet of the Air {Inacc +Fly rElec EV+5 RMsl}
 34688 | Swamp:3  | Reached skill level 10 in Invocations
 35335 | Swamp:4  | Entered Level 4 of the Swamp
 35376 | Swamp:4  | Got an ancient plate armour
 35377 | Swamp:4  | Identified the cursed +1 plate armour of Mutualism {Str+3
                  | SInv Stlth+} (You found it on level 4 of the Swamp)
 35616 | Swamp:4  | Reached XP level 18. HP: 99/118 MP: 26/26
 35706 | Swamp:4  | Reached skill level 15 in Fighting
 35772 | Swamp:4  | Received a gift from Okawaru
 35831 | Swamp:4  | Reached skill level 16 in Fighting
 35932 | Swamp:4  | Got a decaying rune of Zot
 36438 | Spider:1 | Entered Level 1 of the Spider Nest
 36541 | Spider:1 | Reached skill level 17 in Fighting
 37012 | D:11     | You paid a toll of 4 scrolls of blinking to enter a
                  | treasure trove
 37013 | Trove    | Entered a treasure trove
 37016 | Trove    | Got a coiled lead amulet
 37018 | Trove    | Got a flickering bronze amulet
 37023 | Trove    | Got a clouded jade ring
 37030 | Trove    | Got a wavering granite ring
 37035 | Trove    | Got a glittering golden ring
 37094 | D:11     | Identified the ring of Awe {Ice rElec MP+9 Str+6 Stlth-}
                  | (You found it in a treasure trove)
 37095 | D:11     | Identified the amulet of Gluttony {RegenMP rPois Str-3
                  | Stlth+} (You found it in a treasure trove)
 37096 | D:11     | Identified the amulet of the Firefly {Faith MR+ Dex+4
                  | Stlth-} (You found it in a treasure trove)
 37097 | D:11     | Identified the ring "Heonuo" {rPois Str+6 Dex+6} (You found
                  | it in a treasure trove)
 37098 | D:11     | Identified the ring "Gub Ruro" {+Fly rPois Str+4 Dex-4}
                  | (You found it in a treasure trove)
 37322 | Spider:2 | Noticed Nikola
 37339 | Spider:2 | Killed Nikola
 37339 | Spider:2 | Received a gift from Okawaru
 37423 | Spider:2 | Reached skill level 18 in Fighting
 37708 | Spider:2 | Identified Roxanne's Catalogue of the Mountains
 37708 | Spider:2 | Noticed Roxanne
 37728 | Spider:2 | Killed Roxanne
 38019 | Spider:3 | Reached skill level 1 in Spellcasting
 38479 | Spider:3 | Reached skill level 19 in Fighting
 38593 | Spider:4 | Entered Level 4 of the Spider Nest
 39577 | Spider:4 | Reached XP level 19. HP: 131/133 MP: 27/27
 39618 | Spider:4 | Received a gift from Okawaru
 39650 | Spider:4 | Reached skill level 5 in Spellcasting
 39797 | Spider:4 | Slain by a jumping spider

Illustrated notes

Levels and vault maps discovered:
D:1:      giann_bridges, layout_basic
D:2:      minmay_door_path, layout_basic, kennysheep_nub
D:3:      layout_loops_corners, okawaru_ov_weapons_minmay, uniq_jessica,
          uniq_sigmund
D:4:      layout_cave_pods, nicolae_ru_great_annihilating_truth
D:5:      layout_basic, marbit_many_paths, cheibriados_altar_1,
          kennysheep_little_box, first_ration, uniq_edmund, uniq_prince_ribbit1,
          uniq_menkaure
D:6:      layout_loops_corners, temple_doors_e
D:7:      layout_rooms, chequers_temple_overflow_statue_of_worship,
          serial_curves, eino_curves_02, eino_curves_02, grunt_livestock,
          uniq_pikel
D:8:      layout_cave_pools, uniq_joseph, uniq_erica, uniq_harold
D:9:      layout_rooms
D:10:     layout_long_grid, serial_shops, shop
D:11:     layout_irregular_city, grunt_lair_entry_orc_guard_hut, enter_trove_0
D:12:     layout_cave_pools, orc_0_dummy
D:13:     layout_basic, special_room [special_room_orc], minmay_starry_boxes,
          uniq_jorgrun, uniq_snorg
D:14:     layout_basic, david_vaults_2, serial_shops, kennysheep_mini_moat,
          hive_lemuel, uniq_louise
D:15:     hangedman_depths_entry_try_elsewhere_first, layout_long_grid, hex_tiny
Lair:1:   layout_cave_pods, st_stairs_12, grunt_forest_large_clearings
Lair:2:   layout_roguey, gammafunk_ghost_arena, grunt_forest_stairs_clearing,
          uniq_gastronok
Lair:3:   layout_cave_shapes, spider_nest_entry_a
Lair:4:   layout_regular_city, minmay_swamp_entry_worms, basic_altar, uniq_kirke
Lair:5:   layout_regular_city, nicolae_volcano_entry_two_sided
Lair:6:   hangedman_lair_in_review, layout_loops_ring, guppyfry_lair_end_dragon,
          slime_altar_2, grunt_forest_small_clearings
Swamp:1:  layout_basic_swamp, portal_ice_cave_entry_pillars_1,
          serial_swamp_ruin, evilmike_swamp_ruin_rubble_1,
          evilmike_swamp_ruin_house_5, swamp_pool1, ldierk_geyser
Swamp:2:  layout_basic_swamp, evilmike_swamp_ruin_house_6
Swamp:3:  layout_basic_swamp, evilmike_swamp_ruin_house_2, swamp_pool2
Swamp:4:  swamp_basic_johnstein, layout_basic_swamp, swamp_pool5
Spider:1: layout_spider_delve
Spider:2: layout_spider_delve, uniq_roxanne, uniq_nikola
Spider:3: layout_chambers, zaba_antful_of_joy
Spider:4: grunt_spider_rune_island
Orc:1:    layout_caves
Orc:2:    st_orc_open, layout_caves, nicolae_orc_sculptors_studio, mines4_lemuel
Depths:1: layout_gridlike, lemuel_crystal_altar, hellmouth_1,
          nicolae_two_hexagons, kennysheep_big_empty_room, nooodl_food_tri
Depths:2: minmay_connected_boxes_in_corner, layout_cave_pools,
          kennysheep_cluttered_room, rand_demon_pan_entry_1, hell_entry,
          grunt_ministairs_10, infiniplex_staircase_river, minmay_shop_grove

Skill      XL: |  1  2  3  4  5  6  7  8  9 10 11 12 13 14 15 16 17 18 19 |
---------------+----------------------------------------------------------+-----
Maces & Flails | 3 4 5 6 7 9 11 12 13 14 16 | 16.0
Shields        | 8 12 14 15 | 15.0
Fighting       | 6 10 13 14 19 | 19.5
Armour         | 6 10 13 14 | 14.9
Invocations    | 3 6 11 | 11.5
Evocations     | 2 5 9 |  9.9
Spellcasting   | 4 5 |  5.3

Action                   |  1- 3 |  4- 6 |  7- 9 | 10-12 | 13-15 | 16-18 | 19-21 || total
-------------------------+-------+-------+-------+-------+-------+-------+-------++-------
Melee: Flail             |   171 |   249 |   513 |   847 |  1518 |       |       ||  3298
       Eveningstar       |       |       |       |       |       |  1554 |    75 ||  1629
Throw: Boomerang         |       |       |       |     8 |       |       |       ||     8
       Javelin           |       |       |       |     4 |       |       |       ||     4
Invok: Finesse           |       |       |       |       |     1 |     2 |       ||     3
       Heroism           |       |       |       |       |       |     1 |       ||     1
 Abil: Fly               |       |       |       |       |       |     3 |       ||     3
       Stop Flying       |       |       |       |       |       |     2 |       ||     2
Evoke: Wand              |       |       |       |       |       |     1 |       ||     1
  Use: Scroll            |       |       |     7 |     7 |    20 |    17 |     1 ||    52
       Potion            |       |       |       |       |     3 |       |     1 ||     4
 Stab: Invisible         |       |       |     1 |       |       |       |       ||     1
       Confused          |       |       |       |       |     1 |     2 |       ||     3
       Distracted        |       |       |       |       |     1 |       |       ||     1
  Eat: Chunk             |     1 |     9 |    14 |    28 |    36 |    30 |     1 ||   119
       Ration            |       |       |       |       |     1 |     2 |       ||     3
Armor: Scale mail        |    56 |       |   138 |   285 |       |       |       ||   479
       Chain mail        |    70 |   173 |   148 |       |       |       |       ||   391
       Ring mail         |       |       |       |   113 |   244 |       |       ||   357
       Plate armour      |       |       |       |       |   429 |   866 |   188 ||  1483
Dodge: Dodged            |    50 |    38 |   177 |   354 |   374 |   351 |    47 ||  1391
Block: Kite shield       |    92 |    99 |   198 |   251 |  1100 |  1667 |   176 ||  3583
       Buckler           |       |       |    47 |   262 |       |       |       ||   309
       Reflection        |       |       |       |       |       |    36 |       ||    36
       Rpst.: Flail      |       |       |       |     1 |    77 |       |       ||    78
       Eveningstar       |       |       |       |       |       |    66 |     6 ||    72
